 Dungeon Crawl Stone Soup version 0.29.1-12-g30fa7ad0bf (webtiles) character file.

Game seed: 10637053728499352215

1613 soggyman666 the Thaumaturge (level 9, -2/55 HPs)
             Began as a Djinni Fire Elementalist on Dec 24, 2022.
             Was an Initiate of Ashenzari.
             Slain by a wight
             ... wielding a +0 battleaxe
              (14 damage)
             ... on level 7 of the Dungeon.
             The game lasted 00:27:04 (9902 turns).

soggyman666 the Thaumaturge (DjFE)                  Turns: 9902, Time: 00:27:05

Health: -2/55      AC:  4    Str:  7    XL:     9   Next: 16%
Gold:   87         EV: 13    Int: 21    God:    Ashenzari [......] SH:  0 Dex: 14

rFire   + + .      SeeInvis +   (no weapon)
rCold   . . .      Faith    .   (no shield)
rNeg    . . .      Spirit   .   a - +0 robe
rPois   ∞          Reflect  .   u - +2 hat
rElec   +          Harm     .   n - scarf {repulsion}
rCorr   .          Rampage  .   (no gloves)
Will    .....                   (boots unavailable)
Stlth   ++........              (no amulet)
HPRegen 0.18/turn               m - ring of willpower
MPRegen 0.00/turn               i - ring of the Lost Hosts {rElec rC+ Will- Slay+3 SInv}

@: flying, repel missiles
A: sickness immunity, fire resistance 2, cold vulnerability 1, float, innate
caster, HP casting, extra vitality 1
a: Renounce Religion, Curse Item


You were on level 7 of the Dungeon.
You worshipped Ashenzari.
Ashenzari was noncommittal.
You visited 2 branches of the dungeon, and saw 8 of its levels.

You collected 358 gold pieces.
You spent 271 gold pieces at shops.

Inventory:

Armour
 a - a +0 robe (worn)
 n - a scarf of repulsion (worn)
 u - a +2 hat (worn)
Jewellery
 e - a ring of fire
 i - the ring of the Lost Hosts (right hand) {rElec rC+ Will- Slay+3 SInv}
   (You found it on level 6 of the Dungeon)

   [ring of see invisible]

   Slay:      It affects your accuracy & damage with ranged weapons and melee
   (+3).
   rC:        It protects you from cold.
   rElec:     It insulates you from electricity.
   SInv:      It lets you see invisible.
   Will:      It decreases your willpower.
 m - a ring of willpower (left hand)
Scrolls
 b - 2 scrolls of enchant weapon
 g - 4 scrolls of magic mapping
 h - 6 scrolls of teleportation
 j - 3 scrolls of immolation
 k - a scroll of brand weapon
 l - a scroll of fear {unknown}
 r - a scroll of amnesia {unknown}
 t - a scroll of blinking
Potions
 c - 2 potions of brilliance
 d - 4 potions of curing
 f - a potion of invisibility
 o - a potion of mutation {unknown}
 p - a potion of resistance {unknown}
 q - a potion of heal wounds
 s - a potion of haste {unknown}


   Skills:
 * Level 4.2 Dodging
 + Level 3.2 Stealth
 + Level 8.0 Spellcasting


You had 2 spell levels left.
You knew the following spells:

 Your Spells              Type           Power      Damage    Failure   Level
a - Foxfire               Conj/Fire      100%       2x1d9     1%          1
b - Scorch                Fire           84%        2d9       1%          2
c - Conjure Flame         Conj/Fire      42%        6-21      1%          3
d - Inner Flame           Hex/Fire       42%        N/A       1%          3
e - Flame Wave            Conj/Fire      42%        2d11      2%          4
f - Beastly Appendage     Tmut           84%        N/A       1%          1
g - Poisonous Vapours     Pois/Air       84%        N/A       1%          2
h - Ignite Poison         Fire/Tmut/Pois 42%        N/A       1%          3
i - Spider Form           Tmut/Pois      42%        N/A       1%          3
Your spell library was empty.

Dungeon Overview and Level Annotations

Branches:
Dungeon (7/15)             Temple (1/1) D:5

Altars:
Ashenzari
Cheibriados
Dithmenos
Elyvilon
Fedhas
Gozag
Hepliaklqana
Makhleb
Qazlal
Trog
Uskayaw
Wu Jian
Xom
Yredelemnul
Zin
The Shining One

Shops:
D:5 ??*[*

Annotations:
D:5 2 transporters, sanboga's ghost, novice TrBe


Innate Abilities, Weirdness & Mutations

You are immune to sickness and miasma.
You are immune to poison.
Your flesh is very heat resistant. (rF++)
You are vulnerable to cold. (rC-)
You float through the air rather than walking.
You learn spells naturally, not from books.
Your magical power is your life essence.
You have superior vitality. (+4 MHP)


Message History

The orc zaps a wand.
You easily resist.
You fly upwards.
There is a stone staircase leading down here.
You start resting.
Your transformation has ended.
Your scarf of repulsion unmelds from your body.
Your +2 hat unmelds from your body.
Your +0 robe unmelds from your body.
You are surrounded by a repulsion field.
Your magical contamination has completely faded away.
You fly downwards.
The wight hits you with a +0 battleaxe!
There is a stone staircase leading up here.
Casting: Scorch (safe; 1% risk of failure)
Confirm with . or Enter, or press ? or * to list all spells.
Flames lash the wight.
The wight is almost destroyed.
The wight's fire resistance burns away.
The orc zaps a wand.
Your will is overpowered!
You are confused.
The wight closely misses you.
You're too confused to cast spells.
The wight attacks as you move away! The wight barely misses you.
You're too confused to cast spells.
The orc hits you but does no damage.
You're too confused to cast spells.
You closely miss the orc.
The orc zaps a wand.
You easily resist.
The wight completely misses you.
You're too confused to cast spells.
The wight completely misses you.
You're too confused to cast spells.
You're too confused to cast spells.
You're too confused to cast spells.
Unknown command.
You hit the wight but do no damage.
The wight is severely damaged.
You feel less confused.
The wight is no longer more vulnerable to fire.
The orc barely misses you. The wight hits you with a +0 battleaxe!
* * * LOW HITPOINT WARNING * * *
The wight attacks as you move away! The wight closely misses you.
The wight attacks as you move away! The wight hits you with a +0 battleaxe!
You die...

#..........
#.........
####...[....#### .
...............#..
......(..[........
.........[........
...[#............
.####...o<........
..)....@z..##.....
#..$)..##.## ....#
#..[### ### ..##
##. ## #


You could see a wight and an orc.

Vanquished Creatures
  Joseph (D:7)
  A wyvern (D:7)
  A water moccasin (D:7)
  A black bear (D:6)
  A kobold brigand (D:6)
  A bullfrog (D:6)
  A scorpion (D:5)
  2 wights (D:7)
  An oklob sapling (D:5)
  3 hounds
  A jelly (D:5)
  3 orc priests
  Crazy Yiuf (D:2)
  An iguana (D:5)
  3 orc wizards
  Robin (D:2)
  8 adders
  2 shadow imps
  3 ufetubi
  A worm (D:2)
  5 dart slugs
  25 orcs
  6 ball pythons
  3 bats
  9 endoplasms
  4 giant cockroaches
  10 hobgoblins
  3 jackals (D:5)
  2 quokkas
  3 frilled lizards
  16 goblins
  17 kobolds
  6 rats
  10 bushes (D:3)
156 creatures vanquished.

Vanquished Creatures (collateral kills)
  10 foxfires (D:3)
10 creatures vanquished.

Vanquished Creatures (others)
  448 foxfires
  2 fungi (D:2)
  17 plants
467 creatures vanquished.

Grand Total: 633 creatures vanquished

Notes
Turn   | Place    | Note
-------+----------+-------------------------------------------
     0 | D:1      | soggyman666 the Djinni Fire Elementalist began the quest
                  | for the Orb.
     0 | D:1      | soggyman666 set off with the following spells memorised:
                  | Foxfire, Scorch, Conjure Flame, Inner Flame, Flame Wave.
     0 | D:1      | Reached XP level 1. HP: 15/15 MP: 0/0
   287 | D:1      | Reached XP level 2. HP: 15/21 MP: 0/0
  1006 | D:1      | Reached skill level 3 in Spellcasting
  1052 | D:1      | Found a faded altar of an unknown god.
  1109 | D:1      | Reached XP level 3. HP: 20/25 MP: 0/0
  1109 | D:1      | Learned a level 1 spell: Beastly Appendage
  1840 | D:2      | Reached XP level 4. HP: 26/31 MP: 0/0
  2488 | D:2      | Noticed Robin
  2495 | D:2      | Killed Robin
  2915 | D:2      | Reached XP level 5. HP: 31/35 MP: 0/0
  2915 | D:2      | Learned a level 2 spell: Poisonous Vapours
  3060 | D:2      | Reached skill level 4 in Spellcasting
  3290 | D:2      | Found a runed translucent door.
  3291 | D:2      | Noticed Crazy Yiuf
  3399 | D:2      | Killed Crazy Yiuf
  5431 | D:4      | Reached XP level 6. HP: 18/40 MP: 0/0
  5902 | D:4      | Reached skill level 5 in Spellcasting
  6498 | D:5      | Entered Level 5 of the Dungeon
  6555 | D:5      | Found Quaxeer's General Store.
  6633 | D:5      | Reached XP level 7. HP: 28/45 MP: 0/0
  6633 | D:5      | Learned a level 3 spell: Ignite Poison
  6829 | D:5      | Found a transporter.
  6836 | D:5      | Noticed sanboga's ghost (novice TrBe)
  6867 | D:5      | Found a transporter.
  7040 | D:5      | Found Nuizoes's Armour Shop.
  7104 | D:5      | Found Wiyduk's Assorted Antiques.
  7113 | D:5      | Bought a glowing hat for 133 gold pieces
  7156 | D:5      | Found Wunusk's Magic Scroll Emporium.
  7161 | D:5      | Bought a scroll of identify for 30 gold pieces
  7161 | D:5      | Bought a scroll of identify for 30 gold pieces
  7174 | D:5      | Found a staircase to the Ecumenical Temple.
  7208 | Temple   | Entered the Ecumenical Temple
  7347 | Temple   | Became a worshipper of Ashenzari the Shackled
  7530 | D:5      | Found Waseuleng's Magic Scroll Shop.
  7892 | D:5      | Bought a scroll of identify for 26 gold pieces
  7892 | D:5      | Bought a scroll of identify for 26 gold pieces
  7892 | D:5      | Bought a scroll of identify for 26 gold pieces
  8026 | D:6      | Reached skill level 6 in Spellcasting
  8048 | D:6      | Reached XP level 8. HP: 24/50 MP: 0/0
  8663 | D:6      | Identified the ring of the Lost Hosts {rElec rC+ Will-
                  | Slay+3 SInv}
  9564 | D:7      | Noticed Joseph
  9570 | D:7      | Killed Joseph
  9571 | D:7      | Reached skill level 7 in Spellcasting
  9583 | D:7      | Noticed a wyvern
  9587 | D:7      | Killed a wyvern
  9834 | D:7      | Reached XP level 9. HP: 42/55 MP: 0/0
  9834 | D:7      | Learned a level 3 spell: Spider Form
  9881 | D:7      | Reached skill level 8 in Spellcasting
  9902 | D:7      | Slain by a wight

Illustrated notes

Levels and vault maps discovered:
D:1:      dpeg_arrival_line_fractal, layout_basic,
          shapermc_ecumenical_altar_mp_urbaneastern
D:2:      layout_loops_corners, uniq_robin, uniq_crazy_yiuf_cottage
D:3:      layout_basic, serial_forest, infiniplex_forest_lined_ring,
          infiniplex_forest_clump_cross, infiniplex_forest_end_2,
          infiniplex_forest_clump_cross, infiniplex_forest_join,
          infiniplex_forest_end_2, grunt_ministairs_13,
          chequers_serial_rivers_large_b, minmay_misc_feat_columns
D:4:      layout_rooms
D:5:      layout_loops_ring, minmay_temple_entry_oklob,
          gammafunk_ghost_stat_death, serial_shops,
          nicolae_shop_temple_entry_statues_fountains, shop, shop, shop,
          nicolae_inconvenience_store, skrybe_limestone_x,
          chequers_decorated_corner, minmay_misc_feat_five
D:6:      layout_layer_cave, small_statue_intersection, chequers_avenue
D:7:      layout_cave_pools, kennysheep_okawaru_gauntlet, grunt_tough_drop,
          uniq_joseph, uniq_duvessa
Temple:   nicolae_temple_bog_church

Skill      XL: |  1  2  3  4  5  6  7  8  9 |
---------------+----------------------------+-----
Spellcasting   | 3 4 5 6 7 8 |  8.0
Stealth        | 2 3 |  3.2
Dodging        | 4 |  4.2

Action                   |  1- 3 |  4- 6 |  7- 9 || total
-------------------------+-------+-------+-------++-------
Melee: Unarmed           |       |     4 |     3 ||     7
 Cast: Foxfire           |    44 |   168 |    71 ||   283
       Scorch            |    14 |    24 |    13 ||    51
       Poisonous Vapours |       |     8 |     9 ||    17
       Flame Wave        |       |     5 |       ||     5
       Inner Flame       |       |     5 |    18 ||    23
       Conjure Flame     |       |     2 |       ||     2
       Ignite Poison     |       |       |     6 ||     6
       Spider Form       |       |       |     1 ||     1
  Use: Scroll            |     3 |     5 |     7 ||    15
Armor: Robe              |       |       |     1 ||     1
Dodge: Dodged            |     2 |     1 |    12 ||    15
